 Dungeon Crawl Stone Soup version 0.18.1-8-gdd0e5ea (webtiles) character file.

615 Krapule the Gusty (level 7, -4/36 HPs)
             Began as a Tengu Air Elementalist on June 9, 2016.
             Was an Initiate of Vehumet.
             Slain by an ice beast (12 damage)
             ... on level 6 of the Dungeon.
             The game lasted 00:22:00 (4462 turns).

Krapule the Gusty (Tengu Air Elementalist)          Turns: 4462, Time: 00:22:01

Health: -4/36      AC:  4    Str:  9    XL:     7   Next: 45%
Magic:  2/13       EV: 14    Int: 17    God:    Vehumet [......]
Gold:   211        SH:  0    Dex: 14    Spells: 1 memorised, 11 levels left

rFire  . . .     SeeInvis .     u - +1 falchion
rCold  . . .     Gourm    .     a - +0 robe
rNeg   . . .     Faith    .     (no shield)
rPois  .         Spirit   .     (helmet restricted)
rElec  .         Dismiss  .     (no cloak)
rCorr  .         Reflect  .     m - +1 pair of gloves
SustAt .         Harm     .     (boots unavailable)
MR     .....                    (no amulet)
Stlth  ++........               (no ring)
                                (no ring)

@: not resistant to hostile enchantments, unstealthy
A: beak, talons 3, able to fly 1
a: Fly, Renounce Religion


You were on level 6 of the Dungeon.
You worshipped Vehumet.
Vehumet was noncommittal.
You were not hungry.

You visited 2 branches of the dungeon, and saw 7 of its levels.
You also visited: Sewer.

You collected 211 gold pieces.

Inventory:

Hand Weapons
 u - a +1 falchion (weapon)
Missiles
 s - 2 tomahawks of dispersal (quivered)
Armour
 a - a +0 robe (worn)
 d - a troll hide {Purgy}
 m - a +1 pair of gloves (worn)
Jewellery
 g - an uncursed amulet of guardian spirit
Scrolls
 j - 3 scrolls of amnesia
 p - a scroll of teleportation
 t - a scroll of remove curse
 x - a scroll of identify
 y - a scroll of magic mapping {unknown}
 z - 2 scrolls of enchant armour {unknown}
Potions
 e - a potion of resistance
 f - a potion of berserk rage {unknown}
 h - a potion of curing {unknown}
 i - a potion of flight {unknown}
 l - a potion of lignification {unknown}
 q - 2 potions of brilliance
 v - a potion of agility {unknown}
 w - a potion of mutation {unknown}
Books
 b - a book of Air

   Spells                             Type                      Level
   a - Shock                          Conjuration/Air              1
   b - Swiftness                      Charms/Air                   2
   c - Repel Missiles                 Charms/Air                   2
   d - Static Discharge               Conjuration/Air              3
   e - Lightning Bolt                 Conjuration/Air              5
 o - a book of Callings

   Spells                             Type                      Level
   a - Summon Small Mammal            Summoning                    1
   b - Call Imp                       Summoning                    2
   c - Call Canine Familiar           Summoning                    3
   d - Summon Guardian Golem          Hexes/Summoning              3
   e - Summon Lightning Spire         Summoning/Air                4
   f - Summon Ice Beast               Ice/Summoning                4
Comestibles
 c - 4 bread rations
 k - a slice of pizza
 n - 2 beef jerkies
 r - 4 meat rations


   Skills:
 + Level 4.2 Dodging
 - Level 2.0 Stealth
 + Level 3.3 Spellcasting
 - Level 6.0 Conjurations
 * Level 6.9 Air Magic


You had 11 spell levels left.
You knew the following spells:

 Your Spells              Type           Power        Failure   Level  Hunger
a - Shock                 Conj/Air       ####         1%          1    None


Dungeon Overview and Level Annotations

Branches:
Dungeon (6/15)             Temple (1/1) D:5

Altars:
Ashenzari
Cheibriados
Elyvilon
Fedhas
Makhleb
Pakellas
Qazlal
Ru
Trog
Vehumet
Xom
Yredelemnul
Zin
The Shining One


Innate Abilities, Weirdness & Mutations

You have a beak for a mouth.
You have claws for feet.
You can fly.


Message History

The zap misses the ice beast.
The ice beast hits you. The ice beast freezes you!
Casting: Shock
Confirm with . or Enter, or press ? or * to list all spells.
Aiming: Shock
Press: ? - help, Shift-Dir - straight line, f/p - ice beast
Aim: an ice beast (heavily wounded)
The zap hits the ice beast.
The ice beast is heavily wounded.
The ice beast hits you. The ice beast freezes you!
Casting: Shock
Confirm with . or Enter, or press ? or * to list all spells.
Aiming: Shock
Press: ? - help, Shift-Dir - straight line, p - ice beast The zap hits the ice beast.
The ice beast is heavily wounded.
The ice beast hits you.
* * * LOW HITPOINT WARNING * * *
The ice beast freezes you!
You die...

#.......# #........
#.......# a.... #.#.....
.# #...... #......# .#
...>.# #####>##.# .#
.....# # .....##:# .#
....# ##.# #..##.##.# ..<.
.....##)Y@.)...######.####
#.....).###.#............#
#..#.#......#....#.##.##..
#....#####......##.##..
#......# ##..........<...
###.######.....##.##.....
... #.......#.##..... ###
#................
#.......#.##.##..


You could see an ice beast.

Vanquished Creatures
  Purgy (Sewer)
  An ogre (D:6)
  2 scorpions
  A crimson imp (D:6)
  2 orc wizards (D:6)
  Ijyb (D:2)
  A giant frog skeleton (D:4)
  A worker ant (D:4)
  A worker ant zombie (D:5)
  7 adders
  2 adder skeletons (D:4)
  A worm (D:3)
  A dart slug (D:1)
  4 giant geckos
  8 orcs
  6 bats
  7 giant cockroaches
  7 goblins
  6 hobgoblins
  10 jackals
  8 kobolds
  3 quokkas
  3 ball pythons
  3 giant newts
  10 rats
97 creatures vanquished.

Notes
Turn   | Place    | Note
--------------------------------------------------------------
     0 | D:1      | Krapule the Tengu Air Elementalist began the quest for the Orb.
     0 | D:1      | Reached XP level 1. HP: 10/10 MP: 4/4
   237 | D:1      | Reached XP level 2. HP: 15/15 MP: 6/6
   615 | D:1      | Reached XP level 3. HP: 19/19 MP: 2/7
   789 | D:2      | Noticed Ijyb
   840 | D:2      | Killed Ijyb
   950 | D:2      | Reached XP level 4. HP: 22/24 MP: 4/8
  1517 | D:2      | Reached skill level 5 in Air Magic
  2245 | D:3      | Gained mutation: You can fly. [Tengu growth]
  2245 | D:3      | Reached XP level 5. HP: 28/28 MP: 1/9
  2481 | D:3      | Found a faded altar to an unknown god.
  3016 | D:4      | Found a burning altar of Makhleb.
  3016 | D:4      | Found a basalt altar of Yredelemnul.
  3018 | D:4      | Found a blossoming altar of Fedhas.
  3022 | D:4      | Found a glowing silver altar of Zin.
  3059 | D:4      | Reached XP level 6. HP: 28/32 MP: 11/11
  3629 | D:5      | Entered Level 5 of the Dungeon
  3795 | D:5      | Found a glowing drain.
  3824 | Sewer    | Entered a sewer
  3836 | Sewer    | Reached skill level 5 in Conjurations
  3885 | Sewer    | Noticed Purgy
  3915 | Sewer    | Killed Purgy
  3915 | Sewer    | Reached XP level 7. HP: 32/36 MP: 1/12
  4113 | D:5      | Found a staircase to the Ecumenical Temple.
  4122 | Temple   | Entered the Ecumenical Temple
  4274 | Temple   | Became a worshipper of Vehumet
  4462 | D:6      | Slain by an ice beast

Skill      XL: |  1  2  3  4  5  6  7 |
---------------+----------------------+-----
Conjurations   | 2 3 4 5 6 |  6.0
Air Magic      | 5 6 |  6.9
Dodging        | 3 4 |  4.2
Spellcasting   | 3 |  3.3
Stealth        | |  2.0

Action                   |  1- 3 |  4- 6 |  7- 9 || total
-------------------------+-------+-------+-------++-------
Melee: Short sword       |    42 |    19 |       ||    61
       Unarmed           |     2 |     1 |       ||     3
       Kick              |     6 |    18 |     2 ||    26
       Peck              |     4 |    12 |       ||    16
       Mace              |       |    29 |       ||    29
       Falchion          |       |    48 |     5 ||    53
 Cast: Shock             |    25 |   104 |    23 ||   152
  Use: Scroll            |       |    10 |       ||    10
       Potion            |       |     1 |       ||     1
 Stab: Sleeping          |     3 |     3 |       ||     6
  Eat: Chunk             |       |    11 |     1 ||    12
Armor: Robe              |     7 |    38 |     1 ||    46
       Troll hide        |       |       |     1 ||     1
Dodge: Dodged            |    29 |   118 |     8 ||   155
